 Dungeon Crawl Stone Soup version 0.31-a0-818-ge7c7cf74f0 (webtiles) character file.

Game seed: 14940582191950783383

41765 pokeman the Eclecticist (level 13, -3/72 HPs)
             Began as a Deep Elf Hedge Wizard on Sept 21, 2023.
             Was an Elder of Vehumet.
             Hit by a large rock thrown by a stone giant (22 damage)
             ... on level 15 of the Dungeon on Sept 22, 2023.
             The game lasted 00:52:13 (21161 turns).

pokeman the Eclecticist (Deep Elf Hedge Wizard)    Turns: 21161, Time: 00:52:14

Health: -3/72      AC: 12    Str:  7    XL:     13   Next: 81%
Magic:  13/38      EV: 13    Int: 31    God:    Vehumet [****..]
Gold:   834        SH:  0    Dex: 14    Spells: 26/51 levels left

rFire   + + .        H - staff of fire
rCold   x . .        (no shield)
rNeg    . . .        b - +0 steam dragon scales
rPois   +            f - +2 helmet
rElec   .            F - +1 cloak {rPois}
rCorr   .            (no gloves)
SInv    .            k - +0 pair of boots
Will    +....        (no amulet)
Stlth   ++           T - +6 ring of intelligence
HPRegen 0.32/turn    Z - ring of fire
MPRegen 0.26/turn

%: no passive effects
@: no status effects
A: no striking features
a: Renounce Religion


You were on level 15 of the Dungeon.
You worshipped Vehumet.
Vehumet was greatly pleased with you.
You visited 2 branches of the dungeon, and saw 16 of its levels.

You collected 834 gold pieces.

Inventory:

Missiles
 r - 4 throwing nets
 A - a curare-tipped dart
Armour
 b - +0 steam dragon scales (worn)
 f - a +2 helmet (worn)
 k - a +0 pair of boots (worn)
 C - a +1 robe of cold resistance
 F - a +1 cloak of poison resistance (worn)
 O - a +0 buckler
Magical Staves
 p - a staff of cold
 H - a staff of fire (weapon)
Jewellery
 G - the ring "Baol" {rElec rF+ Dex+2 SInv}
   (You took it off a centaur warrior on level 7 of the Dungeon)

   [ring of protection from fire]

   Dex+2:     It affects your dexterity (+2).
   rF+:       It protects you from fire.
   rElec:     It insulates you from electricity.
   SInv:      It lets you see invisible.
 T - a +6 ring of intelligence (left hand)
 Z - a ring of fire (right hand)
Wands
 h - a wand of flame (14)
 B - a wand of acid (12)
 J - a wand of paralysis (11)
 U - a wand of roots (4)
 Y - a wand of polymorph (7)
Scrolls
 a - 2 scrolls of blinking
 c - a scroll of torment
 g - 10 scrolls of teleportation
 j - a scroll of fear
 o - a scroll of revelation {unknown}
Potions
 d - 4 potions of magic
 e - 4 potions of mutation {unknown}
 l - 5 potions of haste {unknown}
 u - a potion of invisibility {unknown}
 w - a potion of berserk rage {unknown}
 x - 2 potions of enlightenment {unknown}
 z - 3 potions of lignification {unknown}
 D - a potion of degeneration {unknown}
 I - a potion of might {unknown}
 K - 2 potions of cancellation {unknown}
 L - 4 potions of curing {unknown}
 M - a potion of resistance {unknown}
 R - 2 potions of heal wounds {unknown}
 X - a potion of ambrosia {unknown}
Miscellaneous
 i - a phantom mirror


   Skills:
 - Level 5.1 Fighting
 - Level 5.0 Armour
 - Level 3.0 Dodging
 - Level 3.0 Stealth
 + Level 5.2 Shields
 * Level 19.5 Spellcasting
 + Level 11.8 Conjurations
 - Level 1.1 Summonings
 - Level 1.1 Translocations
 - Level 1.3 Transmutations
 + Level 10.3 Fire Magic
 - Level 6.1 Ice Magic
 - Level 1.0 Air Magic
 - Level 1.2 Poison Magic
 - Level 1.2 Evocations


You had 26 spell levels left.
You knew the following spells:

 Your Spells              Type           Power      Damage    Failure   Level
a - Magic Dart            Conj           100%       1d8       0%          1
b - Mephitic Cloud        Conj/Pois/Air  56%        N/A       1%          3
c - Call Imp              Summ           74%        N/A       1%          2
d - Blink                 Tloc           74%        N/A       1%          2
e - Foxfire               Conj/Fire      100%       2x1d9     0%          1
f - Fireball              Conj/Fire      61%        3d23      1%          5
g - Irradiate             Conj/Tmut      31%        3d22      1%          5
h - Plasma Beam           Fire/Air       49%        2x1d64    5%          6

Your spell library contained the following spells:

 Spells                   Type           Power      Damage    Failure   Level
 Slow                     Hex            100%       N/A       1%          1
 Cigotuvi's Dreadful Rot  Necr/Pois/Air  70%        N/A       1%          2
 Ensorcelled Hibernation  Hex/Ice        98%        N/A       1%          2
 Jinxbite                 Hex            60%        N/A       1%          2
 Sublimation of Blood     Necr           30%        N/A       1%          2
 Wereblood                Tmut           38%        N/A       1%          2
 Arcjolt                  Conj/Air       31%        1d41      1%          5
 Manifold Assault         Tloc           37%        N/A       8%          4
 Vhi's Electric Charge    Tloc/Air       74%        N/A       8%          4
 Anguish                  Hex/Necr       15%        N/A       12%         4
 Summon Hydra             Summ           18%        N/A       100%        7


Dungeon Overview and Level Annotations

Branches:
Dungeon (15/15)            Temple (1/1) D:5            Lair (0/5) D:10
    Orc (0/2) D:9          Vaults (0/5) D:14
 Depths: D:15

Altars:
Ashenzari
Cheibriados
Dithmenos
Elyvilon
Fedhas
Gozag
Hepliaklqana
Kikubaaqudgha
Makhleb
Nemelex Xobeh
Okawaru
Qazlal
Ru
Sif Muna
Trog
Uskayaw
Vehumet
Wu Jian
Xom
Yredelemnul
Zin
The Shining One

Portals:
Abyss: D:3
Trove: D:10 (give 7 potions of haste)

Annotations:
D:9 2 transporters, 3 runed translucent doors, exclusion: orange crystal statue, Maggie; cforsyth's ghost, journeyman DjDe


Message History

You kill the tengu warrior!
Vehumet accepts your kill.
HP restored.
A stone giant comes into view.
Casting: Fireball (safe; 1% risk of failure)
Confirm with . or Enter, or press ? or * to list all spells.
Casting: Plasma Beam (dangerous; 5% risk of failure)
Press: ? - help, Dir - look around, f - activate You feel a strong surge of power!
The bolt of lightning hits the stone giant.
The stone giant is lightly wounded.
The fiery plasma hits the stone giant!!
The stone giant is moderately wounded.
You hear a shout!
Casting: Plasma Beam (dangerous; 5% risk of failure)
Confirm with . or Enter, or press ? or * to list all spells.
Casting: Plasma Beam (dangerous; 5% risk of failure)
Press: ? - help, Dir - look around, f - activate You feel a strong surge of power!
The bolt of lightning hits the stone giant!!
The stone giant is severely wounded.
The fiery plasma hits the stone giant.
The stone giant is severely wounded.
You hear a deafening roar!
Casting: Plasma Beam (dangerous; 5% risk of failure)
Confirm with . or Enter, or press ? or * to list all spells.
You don't have enough magic to cast this spell.
Unknown command.
Unknown command.
The stone giant throws a large rock.
The large rock hits you!
The stone giant throws a large rock.
The large rock hits you!
The stone giant throws a large rock.
The large rock hits you!!!
Ouch! That really hurt!
* * * LOW HITPOINT WARNING * * *
You start resting.
A stone giant is nearby!
The stone giant throws a large rock.
The large rock barely misses you.
Found 2 stones.
The stone giant throws a large rock.
The large rock hits you!!
You die...

§. ##...##
#8...8#
##...##
#C..# .
##...## ...
#8...8#
....##...##
..........#
§.......@##
§.......##
§..#...##
## ####


You could see a stone giant.

Vanquished Creatures
  Rupert (D:14)
  Kirke (D:14)
  A yaktaur captain (D:14)
  A hydra (D:12)
  2 two-headed ogres
  4 boulder beetles
  5 centaur warriors
  2 tengu warriors (D:15)
  Urug (D:10)
  10 skeletal warriors
  A deep elf pyromancer (D:15)
  The ghost of Stellion the Ducker, a novice GnGl (D:5)
  2 manticores
  4 ugly things
  2 cyclopes
  Maurice (D:11)
  A gargoyle (D:7)
  Psyche (D:11)
  6 yaktaurs
  2 tengu conjurers
  An unseen horror (D:13)
  2 efreet (D:14)
  A komodo dragon (D:7)
  6 trolls
  A wind drake (shapeshifter) (D:13)
  Sigmund (D:2)
  A wyvern (D:10)
  A shadow (D:9)
  20 slime creatures
  3 wraiths
  14 yaks
  4 hogs (D:14)
  3 steam dragons
  7 vampire mosquitoes (D:12)
  2 wargs (D:10)
  Edmund (D:4)
  2 acid dragons
  4 water moccasins
  8 orc warriors
  5 ice beasts
  4 black bears
  A sky beast (D:7)
  2 ogres
  11 centaurs
  A phantom (D:6)
  2 kobold brigands (D:7)
  4 bullfrogs
  A scorpion (D:6)
  A gnoll sergeant (D:5)
  14 wights
  The ghost of Age the Covered, a weakling MiFi (D:3)
  6 killer bees (D:10)
  2 small abominations (D:3)
  4 howler monkeys
  3 electric eels
  6 jellies
  Crazy Yiuf (D:3)
  3 hounds
  8 orc priests
  2 gnoll boudas
  An iron imp (D:6)
  Jessica (D:3)
  4 iguanas
  6 orc wizards
  Robin (D:3)
  4 adders
  26 gnolls
  5 white imps
  4 ufetubi
  A worm (D:5)
  3 dart slugs
  27 orcs
  5 endoplasms
  7 giant cockroaches
  13 goblins
  9 hobgoblins
  14 jackals
  5 quokkas
  12 ball pythons
  3 bats
  2 frilled lizards (D:1)
  9 kobolds
  6 rats
  A foxfire (D:10)
382 creatures vanquished.

Vanquished Creatures (collateral kills)
  An ice beast (D:5)
  A scorpion (D:7)
2 creatures vanquished.

Vanquished Creatures (others)
  921 foxfires
921 creatures vanquished.

Grand Total: 1305 creatures vanquished

Notes
Turn   | Place    | Note
-------+----------+-------------------------------------------
     0 | D:1      | pokeman the Deep Elf Hedge Wizard began the quest for the
                  | Orb.
     0 | D:1      | Reached XP level 1. HP: 10/10 MP: 7/7
   203 | D:1      | Reached XP level 2. HP: 9/16 MP: 9/9
   631 | D:1      | Reached skill level 5 in Spellcasting
   740 | D:1      | Reached XP level 3. HP: 20/20 MP: 7/11
   744 | D:1      | Learned a level 3 spell: Mephitic Cloud
   747 | D:1      | Learned a level 2 spell: Call Imp
   750 | D:1      | Learned a level 2 spell: Blink
  1506 | D:2      | Noticed Sigmund
  1535 | D:2      | Killed Sigmund
  1536 | D:2      | Reached skill level 1 in Fighting
  1536 | D:2      | Reached skill level 1 in Armour
  1536 | D:2      | Reached skill level 6 in Spellcasting
  1536 | D:2      | Reached XP level 4. HP: 14/26 MP: 3/14
  1536 | D:2      | Reached XP level 5. HP: 17/30 MP: 3/16
  1684 | D:2      | Found a shimmering altar of Xom.
  2349 | D:2      | Found a faded altar of an unknown god.
  2458 | D:3      | Found a transporter.
  2496 | D:3      | Noticed Jessica
  2503 | D:3      | Killed Jessica
  2504 | D:3      | Reached XP level 6. HP: 22/35 MP: 9/17
  2974 | D:3      | Learned a level 5 spell: Irradiate
  2985 | D:3      | Found a transporter.
  2985 | D:3      | Found a one-way gate to the infinite horrors of the Abyss.
  2985 | D:3      | Noticed Age's ghost (weakling MiFi)
  3208 | D:3      | Noticed Robin
  3218 | D:3      | Killed Robin
  3219 | D:3      | Reached skill level 7 in Spellcasting
  3301 | D:3      | Found a runed translucent door.
  3302 | D:3      | Noticed Crazy Yiuf
  3870 | D:4      | Noticed Edmund
  3908 | D:4      | Killed Edmund
  3909 | D:4      | Reached skill level 1 in Transmutations
  3909 | D:4      | Reached skill level 1 in Ice Magic
  3909 | D:4      | Reached skill level 1 in Air Magic
  3909 | D:4      | Reached skill level 1 in Poison Magic
  3909 | D:4      | Reached skill level 1 in Evocations
  3909 | D:4      | Reached XP level 7. HP: 29/39 MP: 8/20
  4569 | D:5      | Entered Level 5 of the Dungeon
  4769 | D:5      | Reached skill level 8 in Spellcasting
  5278 | D:5      | Found a staircase to the Ecumenical Temple.
  5288 | Temple   | Entered the Ecumenical Temple
  5297 | Temple   | Became a worshipper of Vehumet
  5447 | D:5      | Reached XP level 8. HP: 27/44 MP: 11/22
  5530 | D:5      | Found a runed translucent door.
  5532 | D:5      | Noticed Stellion's ghost (novice GnGl)
  5617 | D:5      | Reached skill level 9 in Spellcasting
  6330 | D:6      | Reached skill level 5 in Conjurations
  6628 | D:6      | You fall into a shaft and drop 2 floors!
  6682 | D:8      | Reached skill level 10 in Spellcasting
  6843 | D:8      | Noticed a two-headed ogre
  7216 | D:6      | Reached * piety under Vehumet
  7216 | D:6      | Offered knowledge of Foxfire by Vehumet.
  7217 | D:6      | Reached XP level 9. HP: 11/49 MP: 13/25
  7219 | D:6      | Learned a level 1 spell: Foxfire
  8352 | D:6      | Found a snail-covered altar of Cheibriados.
  8360 | D:6      | Reached skill level 1 in Fire Magic
  8459 | D:7      | Reached skill level 11 in Spellcasting
  8570 | D:7      | Reached skill level 5 in Ice Magic
  8888 | D:7      | Noticed a gargoyle
  8923 | D:7      | Killed a gargoyle
  8924 | D:7      | Reached skill level 12 in Spellcasting
  8934 | D:7      | Reached ** piety under Vehumet
  8936 | D:7      | Noticed a komodo dragon
  8937 | D:7      | Offered knowledge of Scorch by Vehumet.
  8950 | D:7      | Identified the ring "Baol" {rElec rF+ Dex+2 SInv}
  8950 | D:7      | Noticed a centaur warrior
  8953 | D:7      | Reached XP level 10. HP: 37/56 MP: 12/28
  8957 | D:7      | Noticed a boulder beetle
  9142 | D:7      | Found a sparkling altar of Nemelex Xobeh.
  9143 | D:7      | Found a blossoming altar of Fedhas.
  9296 | D:7      | Killed a centaur warrior
  9498 | D:3      | Killed Crazy Yiuf
  9702 | D:3      | Killed Age's ghost
  9879 | D:5      | Killed Stellion's ghost
  9880 | D:5      | Reached skill level 13 in Spellcasting
 10074 | D:6      | Offered knowledge of Poisonous Vapours by Vehumet.
 10530 | D:7      | Noticed a manticore
 10556 | D:7      | Killed a manticore
 10557 | D:7      | Reached skill level 5 in Fire Magic
 10779 | D:7      | Noticed a cyclops
 10790 | D:7      | Killed a cyclops
 10886 | D:7      | Killed a boulder beetle
 10887 | D:7      | Reached skill level 5 in Fighting
 10887 | D:7      | Reached skill level 14 in Spellcasting
 10887 | D:7      | Reached XP level 11. HP: 63/63 MP: 16/31
 11064 | D:8      | Reached *** piety under Vehumet
 11561 | D:8      | Killed a two-headed ogre
 11796 | D:9      | Found a staircase to the Orcish Mines.
 11808 | D:9      | Noticed Maggie
 11810 | D:9      | Found a transporter.
 11810 | D:9      | Noticed an orange crystal statue
 11810 | D:9      | Noticed a death knight
 11812 | D:9      | Noticed a catoblepas
 11814 | D:9      | Noticed a deep elf pyromancer
 11816 | D:9      | Found a transporter.
 11821 | D:9      | Noticed a centaur warrior
 11822 | D:9      | Noticed a brown ugly thing
 11864 | D:9      | Offered knowledge of Airstrike by Vehumet.
 12563 | D:9      | Found a runed translucent gate.
 12563 | D:9      | Found a runed translucent gate.
 12563 | D:9      | Found a runed translucent gate.
 12563 | D:9      | Noticed cforsyth's ghost (journeyman DjDe)
 12736 | D:10     | Entered Level 10 of the Dungeon
 12744 | D:10     | Reached skill level 15 in Spellcasting
 12791 | D:10     | Reached **** piety under Vehumet
 12883 | D:10     | Offered knowledge of Brom's Barrelling Boulder by Vehumet.
 13037 | D:10     | Found a staircase to the Lair.
 13118 | D:10     | Found a portal to a secret trove of treasure.
 13143 | D:10     | Found an iron altar of Okawaru.
 13693 | D:10     | Noticed Urug
 13737 | D:10     | Found a broken altar of Ashenzari.
 13750 | D:10     | Killed Urug
 13940 | D:10     | Found a burning altar of Makhleb.
 14049 | D:11     | Noticed a skeletal warrior
 14057 | D:11     | Killed a skeletal warrior
 14129 | D:11     | Noticed a skeletal warrior
 14143 | D:11     | Killed a skeletal warrior
 14144 | D:11     | Reached skill level 16 in Spellcasting
 14230 | D:11     | Identified the +0 chain mail of Tykafa {Dex+3}
 14236 | D:11     | Noticed a boulder beetle
 14245 | D:11     | Noticed a two-headed ogre
 14251 | D:11     | Killed a two-headed ogre
 14252 | D:11     | Reached XP level 12. HP: 55/68 MP: 21/34
 14279 | D:11     | Killed a boulder beetle
 14280 | D:11     | Reached skill level 5 in Armour
 14465 | D:11     | Noticed Maurice
 14506 | D:10     | Reached skill level 1 in Shields
 14720 | D:10     | Upgraded the game from 0.31-a0-810-ga77100ea1a to
                  | 0.31-a0-818-ge7c7cf74f0
 14898 | D:11     | Reached skill level 10 in Conjurations
 14979 | D:11     | Killed Maurice
 15082 | D:11     | Noticed Psyche
 15092 | D:11     | Killed Psyche
 15378 | D:12     | Reached skill level 17 in Spellcasting
 15904 | D:12     | Learned a level 6 spell: Plasma Beam
 15966 | D:12     | Reached ***** piety under Vehumet
 15966 | D:12     | Offered knowledge of Fireball by Vehumet.
 15973 | D:12     | Learned a level 5 spell: Fireball
 16734 | D:12     | Noticed a six-headed hydra
 16738 | D:12     | Killed a six-headed hydra
 17212 | D:13     | Noticed a centaur warrior
 17446 | D:13     | Noticed a boulder beetle
 17457 | D:13     | Killed a boulder beetle
 17659 | D:13     | Killed a centaur warrior
 17660 | D:13     | Reached skill level 18 in Spellcasting
 17660 | D:13     | Reached XP level 13. HP: 72/72 MP: 21/37
 18930 | D:14     | Found an ornate altar of the Wu Jian Council.
 19171 | D:14     | Found a broken altar of Ashenzari.
 19310 | D:14     | Noticed Rupert
 19622 | D:14     | Noticed Kirke
 20394 | D:14     | Killed Rupert
 20395 | D:14     | Reached skill level 19 in Spellcasting
 20561 | D:14     | Killed Kirke
 20562 | D:14     | Reached skill level 10 in Fire Magic
 20613 | D:14     | Found a gate to the Vaults.
 20785 | D:15     | Entered Level 15 of the Dungeon
 21041 | D:15     | Reached skill level 5 in Shields
 21114 | D:15     | Noticed a stone giant
 21161 | D:15     | Hit by a large rock thrown by a stone giant

Illustrated notes

Levels and vault maps discovered:
D:1:      giann_wishing_wells, layout_basic
D:2:      layout_basic, chequers_ecumenical_altar_lobes, basic_altar,
          uniq_sigmund
D:3:      layout_basic, gammafunk_ghost_abyssal_escape, st_stairs_1,
          uniq_crazy_yiuf_cottage, uniq_jessica, uniq_robin
D:4:      nicolae_cairo_tiling, layout_cave_pods, uniq_edmund
D:5:      layout_basic, temple_statues, ebering_ghost_sewer_d
D:6:      wad_crossroads, layout_layer_cave, slow_altar_2, serial_bayou,
          serial_bayou_pond_d, serial_bayou_pond_a, serial_bayou_lagoon_b,
          serial_bayou_pond_a, st_stairs_14
D:7:      nzn_winding_woodlands_large [nzn_winding_woodlands_5x5_open_star,
          nzn_winding_woodlands_5x15_river_crossing,
          nzn_winding_woodlands_5x5_checkerboard,
          nzn_winding_woodlands_center_diamonds,
          nzn_winding_woodlands_15x15_boxy_spiral,
          nzn_winding_woodlands_center_pierced_h,
          nzn_winding_woodlands_5x5_closed_star,
          nzn_winding_woodlands_5x15_pool, nzn_winding_woodlands_5x5_default],
          layout_cave_pools, mainiacjoe_overflow_divided_tiny
D:8:      layout_cave_pools, minmay_fountain_box
D:9:      gammafunk_sealed_arena, layout_loops_ring, orc_0_dummy,
          ebering_ghost_rock_garden, uniq_maggie
D:10:     layout_gridville, mainiacjoe_overflow_catwalk_spiral, bloody_makhleb,
          erik_lair_orcish_takeover, nicolae_trove_entry_columns,
          nicolae_twisty_statue_hallways, uniq_urug
D:11:     layout_big_octagon, uniq_maurice, uniq_psyche
D:12:     layout_stronghold
D:13:     layout_cave_pools, kennysheep_small_circle
D:14:     layout_layer_cave, david_vaults_2,
          nicolae_wu_jian_immortal_techniques, minivault_4,
          cheibrodos_ashenzari_chains, uniq_rupert, uniq_kirke
D:15:     grunt_enter_depths_giant_problem, layout_rooms, serial_corexii_hall,
          chequers_hall_statues_y, corexii_hall_statues_x,
          chequers_hall_statues_y, chequers_hall_statues_corner_a,
          chequers_hall_statues_corner_a, chequers_hall_statues_wall_a
Temple:   eino_temple_scatter_basement

Skill      XL: |  1  2  3  4  5  6  7  8  9 10 11 12 13 |
---------------+----------------------------------------+-----
Spellcasting   | 5 6 7 8 10 12 14 16 18 19 | 19.5
Conjurations   | 2 3 4 5 6 8 9 10 11 | 11.8
Fighting       | 1 2 3 5 |  5.1
Armour         | 1 2 3 4 5 |  5.0
Stealth        | 3 |  3.0
Dodging        | 3 |  3.0
Transmutations | 1 |  1.3
Ice Magic      | 1 2 4 5 6 |  6.1
Air Magic      | 1 |  1.0
Poison Magic   | 1 |  1.2
Evocations     | 1 |  1.2
Fire Magic     | 3 5 7 9 10 | 10.3
Shields        | 3 5 |  5.2
Summonings     | |  1.1
Translocations | |  1.1

Action                     |  1- 3 |  4- 6 |  7- 9 | 10-12 | 13-15 || total
---------------------------+-------+-------+-------+-------+-------++-------
  Melee: Dagger            |    13 |    36 |   116 |   184 |       ||   349
         Whip              |    13 |    27 |       |       |       ||    40
         Punch             |     1 |       |       |     3 |       ||     4
         Staff             |       |       |       |       |     1 ||     1
   Cast: Magic Dart        |    73 |   108 |   155 |     8 |       ||   344
         Mephitic Cloud    |     2 |     9 |    28 |    60 |     6 ||   105
         Call Imp          |       |     3 |     5 |     1 |       ||     9
         Blink             |       |     3 |     4 |     9 |       ||    16
         Foxfire           |       |       |    81 |   422 |       ||   503
         Irradiate         |       |       |     1 |    41 |     1 ||    43
         Fireball          |       |       |       |    39 |    49 ||    88
         Plasma Beam       |       |       |       |       |    26 ||    26
  Evoke: Wand              |       |       |     2 |     3 |       ||     5
    Use: Scroll            |       |       |       |    10 |     1 ||    11
   Stab: Confused          |     4 |     4 |    15 |    17 |       ||    40
         Sleeping          |       |     1 |       |       |       ||     1
         Paralysed         |       |       |       |     1 |       ||     1
 Armour: Robe              |    13 |    24 |   118 |    14 |       ||   169
         Steam dragon scal |       |       |       |   174 |    21 ||   195
  Dodge: Dodged            |    25 |    41 |   113 |   201 |    15 ||   395

Table legend: (Time is in decaauts)
 A = Elapsed time spent in this place.
 B = Non-inter-level travel time spent in this place.
 C = Inter-level travel time spent in this place.
 D = Time resting spent in this place.
 E = Time spent auto-exploring this place.
 F = Levels seen in this place.
 G = Mean time per level.
                   A        B        C        D        E       F      G
               +--------+--------+--------+--------+--------+-----+--------+
         Total |  21214 |  19733 |   1481 |   2208 |  14168 |  16 | 1325.9 |
       Dungeon |  21164 |  19695 |   1469 |   2208 |  14168 |  15 | 1410.9 |
        Temple |     49 |     38 |     11 |      0 |      0 |   1 |   49.0 |
               +--------+--------+--------+--------+--------+-----+--------+

Top non-repeatable levels by time:
     D:6: 2333 daAuts
    D:12: 2218 daAuts
    D:14: 2179 daAuts
     D:7: 2136 daAuts
    D:10: 1648 daAuts
     D:5: 1590 daAuts
     D:3: 1521 daAuts
     D:1: 1494 daAuts
    D:11: 1208 daAuts
     D:9: 1072 daAuts
     D:4: 1017 daAuts
     D:2: 919 daAuts
     D:8: 894 daAuts
    D:13: 742 daAuts
    D:15: 188 daAuts
